 Dungeon Crawl Stone Soup version 0.19-a0-1170-g18f0c96 (webtiles) character file.

1505 HaroldButt the Carver (level 9, -5/64 HPs)
             Began as a Formicid Fighter on Aug 16, 2016.
             Was a Believer of Cheibriados.
             Slain by an orc warrior
             ... wielding a +0 flail
              (12 damage)
             ... on level 7 of the Dungeon.
             The game lasted 00:20:10 (4405 turns).

HaroldButt the Carver (Formicid Fighter)            Turns: 4405, Time: 00:20:11

Health: -5/64      AC: 14    Str: 33    XL:     9   Next: 8%
Magic:  9/9        EV:  7    Int: 11    God:    Cheibriados [**....]
Gold:   309        SH:  0    Dex: 15    Spells: 0 memorised, 8 levels left

rFire  . . .     SeeInvis +     a - +1 long sword
rCold  . . .     Gourm    +     t - +0 plate armour
rNeg   . . .     Faith    .     (no shield)
rPois  .         Spirit   .     (helmet unavailable)
rElec  .         Dismiss  .     n - +1 cloak
rCorr  .         Reflect  .     p - +0 pair of gloves (curse)
MR     .....     Harm     .     (no boots)
Stlth  ..........               s - amulet of the gourmand
                                (no ring)
                                (no ring)

@: mighty, very slow
A: permanent stasis, dig shafts and tunnels, four strong arms, antennae 3
a: Dig, Shaft Self, Bend Time, Renounce Religion


You were on level 7 of the Dungeon.
You worshipped Cheibriados.
Cheibriados was pleased with you.
You were completely stuffed.

You visited 1 branch of the dungeon, and saw 7 of its levels.

You collected 309 gold pieces.


Innate Abilities, Weirdness & Mutations

You are under a permanent stasis effect.
You can dig through walls and to a lower floor.
Your four strong arms can wield two-handed weapons with a shield.
You have a pair of large antennae on your head. (SInv)


   Skills:
 - Level 3.2 Fighting
 - Level 10.1 Long Blades
 - Level 3.2 Armour
 + Level 5.9 Shields


You had 8 spell levels left.
You didn't know any spells.

Inventory:

Hand Weapons
 a - a +1 long sword (weapon)
Armour
 k - the +5 shield of the Dice {MR+ Int-5 Dex+2 Stlth+}

   It affects your intelligence (-5).
   It affects your dexterity (+2).
   It affects your resistance to hostile enchantments.
   It makes you more stealthy.
 n - a +1 cloak (worn)
 p - a cursed +0 pair of gloves (worn)
 t - a +0 plate armour (worn)
 u - the +1 leather armour of Oblivion {rCorr}

   It protects you from acid and corrosion.
Jewellery
 s - an amulet of the gourmand (around neck)
Wands
 r - a wand of slowing (23/48)
Scrolls
 b - 2 scrolls of remove curse
 e - 2 scrolls of amnesia
 o - 2 scrolls of recharging
Potions
 c - a potion of lignification {unknown}
 g - 2 potions of resistance {unknown}
 h - a potion of cancellation
 i - a potion of ambrosia {unknown}
 j - a potion of heal wounds {unknown}
 l - 4 potions of curing {@q1}
Comestibles
 f - 5 bread rations
 m - a royal jelly
 q - a meat ration
 v - 2 chunks of flesh

Dungeon Overview and Level Annotations

Branches:
Dungeon (7/15)
 Temple: D:4-7

Altars:
Ashenzari
Cheibriados
Gozag
Kikubaaqudgha
Makhleb
Nemelex Xobeh
Zin

Shops:
D:5

* ▒.▒.▒▒▒.▒▒ ▒..
▒...▒ ▒.▒ .... ▒▒▒.▒
▒.▒ .....
▒▒▒▒▒▒▒.▒▒▒.▒▒....{.
▒..........((.......
▒.▒▒▒▒▒.▒▒▒{▒▒......
▒.▒▒▒▒▒....▒{▒▒.....
▒▒▒▒▒..........▒▒o▒
....
...............▒a▒▒
.▒.
▒▒▒▒▒.▒▒▒▒▒▒▒.▒▒▒▒ {
▒ ▒.▒ ▒.. ▒▒▒▒▒.▒
▒..▒ <....<▒ ▒.
▒'▒▒▒▒▒ ▒.▒ 8.8 ▒.▒▒


You could see an orc warrior.


Message History

You kill the black bear!
Cheibriados thoroughly appreciates the change of pace.
You closely miss the orc warrior. The orc warrior hits you with a flail!
* * * LOW HITPOINT WARNING * * *
You hit the orc warrior but do no damage.
The orc warrior barely misses you.
You completely miss the orc warrior. The orc warrior barely misses you.
You riposte.
You hit the orc warrior.
The orc warrior is lightly wounded.
You closely miss the orc warrior.
The orc warrior is lightly wounded.
Your plate armour prevents you from hitting the orc warrior.
The orc warrior is lightly wounded.
The orc warrior hits you with a flail!
* * * LOW HITPOINT WARNING * * *
You feel better. The orc warrior hits you with a flail.
* * * LOW HITPOINT WARNING * * *
You feel very mighty all of a sudden. The orc warrior hits you with a flail.
* * * LOW HITPOINT WARNING * * *
You hit the orc warrior.
The orc warrior is lightly wounded.
You slash the orc warrior!
The orc warrior is moderately wounded.
The orc warrior hits you with a flail!
You die...

Action                   |  1- 3 |  4- 6 |  7- 9 || total
-------------------------+-------+-------+-------++-------
Melee: Long sword        |   107 |   210 |   275 ||   592
 Abil: Dig               |       |     1 |     6 ||     7
  Use: Scroll            |       |    13 |       ||    13
       Potion            |       |       |     2 ||     2
  Eat: Chunk             |       |    13 |     6 ||    19
       Beef jerky        |       |     1 |       ||     1
Armor: Scale mail        |    38 |    36 |       ||    74
       Plate armour      |       |    69 |   140 ||   209
Dodge: Dodged            |    50 |    53 |    67 ||   170

Vault maps used:
D:1:      zelgadis_glass_arrival_small, minmay_pentomino_v2
D:2:      makhleb_grotto_becter
D:3:      grunt_temple_overflow_gold_and_silver, first_bread, grunt_ministairs_3
D:4:      cheibriados_altar_1
D:5:      kennysheep_mini_moat, nemelex_xobeh_ov_fountains_minmay,
          nicolae_alphabet_shops, kennysheep_generic_room_12
D:6:      uniq_blork_the_orc
D:7:      ashenzari_altar_1, dk_noncrumbling_2

Notes
Turn   | Place    | Note
-------+----------+-------------------------------------------
     0 | D:1      | HaroldButt the Formicid Fighter began the quest for the Orb.
     0 | D:1      | Reached XP level 1. HP: 18/18 MP: 1/1
    99 | D:1      | Reached XP level 2. HP: 24/24 MP: 2/2
   229 | D:1      | Reached skill level 3 in Long Blades
   326 | D:1      | Reached XP level 3. HP: 20/29 MP: 3/3
  1036 | D:2      | Reached XP level 4. HP: 35/35 MP: 4/4
  1048 | D:2      | Reached skill level 4 in Long Blades
  1124 | D:2      | Found a burning altar of Makhleb.
  1417 | D:2      | Reached XP level 5. HP: 35/41 MP: 5/5
  1821 | D:3      | Reached skill level 5 in Long Blades
  1989 | D:3      | Found a glowing silver altar of Zin.
  1990 | D:3      | Found an opulent altar of Gozag.
  2366 | D:4      | Reached XP level 6. HP: 37/47 MP: 6/6
  2419 | D:4      | Noticed a phantom
  2435 | D:4      | Reached skill level 6 in Long Blades
  2498 | D:4      | Killed a phantom
  2512 | D:4      | Got a distressingly furry shield
  2519 | D:4      | Identified the +5 shield of the Dice {MR+ Int-5 Dex+2 Stlth+} (You found it on level 4 of the Dungeon)
  2678 | D:4      | Reached skill level 7 in Long Blades
  2678 | D:4      | Reached XP level 7. HP: 37/52 MP: 7/7
  2729 | D:4      | Found a snail-covered altar of Cheibriados.
  2737 | D:4      | Became a worshipper of Cheibriados the Contemplative
  3039 | D:4      | Reached skill level 8 in Long Blades
  3186 | D:5      | Entered Level 5 of the Dungeon
  3263 | D:5      | Reached XP level 8. HP: 54/58 MP: 8/8
  3271 | D:5      | Reached * piety under Cheibriados
  3304 | D:5      | Reached skill level 9 in Long Blades
  3468 | D:5      | Found Sosuuq's Superlative Supplies.
  3535 | D:5      | Found a sparkling altar of Nemelex Xobeh.
  3603 | D:5      | Found an ancient bone altar of Kikubaaqudgha.
  3889 | D:6      | Got a spiked leather armour
  3907 | D:6      | Identified the +1 leather armour of Oblivion {rCorr} (You found it on level 6 of the Dungeon)
  4010 | D:6      | Noticed Blork the orc
  4024 | D:6      | Killed Blork the orc
  4024 | D:6      | Reached ** piety under Cheibriados
  4024 | D:6      | Reached skill level 10 in Long Blades
  4046 | D:6      | Reached skill level 4 in Shields
  4281 | D:6      | Reached skill level 5 in Shields
  4365 | D:7      | Found a shattered altar of Ashenzari.
  4371 | D:7      | Reached XP level 9. HP: 64/64 MP: 9/9
  4401 | D:7      | HP: 5/64 [orc warrior/flail (17)]
  4405 | D:7      | Slain by an orc warrior

Vanquished Creatures
  A black bear (D:7)
  2 phantoms
  An ogre (D:4)
  2 centaurs
  Blork the orc (D:6)
  A wyvern zombie (D:6)
  A water moccasin skeleton (D:6)
  2 howler monkeys
  3 crimson imps
  2 hounds
  2 orc priests (D:4)
  A giant frog skeleton (D:5)
  6 orc wizards
  3 worker ants
  A hound skeleton (D:4)
  7 gnolls
  5 adders
  A howler monkey skeleton (D:6)
  An adder skeleton (D:4)
  4 worms
  2 dart slugs (D:1)
  A giant gecko (D:1)
  17 orcs
  3 giant cockroaches
  10 goblins
  4 hobgoblins
  14 jackals
  8 kobolds
  3 quokkas
  A ball python (D:3)
  5 bats
  A giant gecko skeleton (D:4)
  4 giant newts
  A quokka skeleton (D:6)
  A quokka zombie (D:5)
  6 rats
128 creatures vanquished.
